 Dungeon Crawl Stone Soup version 0.30.1-9-gdf580d7c3d (webtiles) character file.

Game seed: 12303320307881684019

447 Ivernyr the Shield-Bearer (level 7, -11/55 HPs)
             Began as a Formicid Fighter on Oct 6, 2023.
             Mangled by an ogre
             ... wielding a +0 giant club
              (24 damage)
             ... on level 4 of the Dungeon.
             The game lasted 00:06:16 (2396 turns).

Ivernyr the Shield-Bearer (Formicid Fighter)        Turns: 2396, Time: 00:06:16

Health: -11/55     AC:  8    Str: 20    XL:     7   Next: 24%
Magic:  7/7        EV:  9    Int:  8    God:
Gold:   117        SH:  5    Dex: 15    Spells: 6/6 levels left

rFire   . . .        a - +0 long sword
rCold   . . .        c - +0 buckler
rNeg    . . .        b - +0 scale mail
rPois   .            (helmet unavailable)
rElec   .            (no cloak)
rCorr   .            e - +0 pair of gloves
SInv    +            (no boots)
Will    .....        (no amulet) Stlth
                     (no ring)
HPRegen 0.29/turn    (no ring)
MPRegen 0.10/turn

%: no passive effects
@: no status effects
A: permanent stasis, dig shafts and tunnels, antennae 3, four strong arms
a: Dig, Shaft Self


You were on level 4 of the Dungeon.
You visited 1 branch of the dungeon, and saw 4 of its levels.

You collected 117 gold pieces.

Inventory:

Hand Weapons
 a - a +0 long sword (weapon)
Missiles
 m - a throwing net
Armour
 b - a +0 scale mail (worn)
 c - a +0 buckler (worn)
 e - a +0 pair of gloves (worn)
Scrolls
 f - a scroll of vulnerability {unknown}
 i - a scroll of noise {unknown}
 j - 4 scrolls of poison {unknown}
 n - a scroll of torment {unknown}
 q - 3 scrolls of teleportation {unknown}
 r - a scroll of magic mapping {unknown}
Potions
 d - a potion of might
 g - 3 potions of brilliance
 h - 4 potions of curing
 k - a potion of flight {unknown}
 l - a potion of ambrosia {unknown}
 o - a potion of degeneration {unknown}
 p - 2 potions of heal wounds {unknown}


   Skills:
 + Level 4.7 Fighting
 * Level 4.8 Long Blades
 + Level 4.7 Armour
 + Level 5.7 Shields


You had 6 spell levels left.
You didn't know any spells.
Your spell library contained the following spells:

 Spells                   Type           Power      Damage    Failure   Level
 Cigotuvi's Dreadful Rot  Necr/Pois/Air  0%         N/A       91%         2
 Ignite Poison            Fire/Tmut/Pois 0%         N/A       99%         3
 Manifold Assault         Tloc           0%         N/A       100%        4
 Freezing Cloud           Conj/Ice/Air   0%         6-21      100%        5
 Dispersal                Tloc           0%         N/A       100%        6
 Disjunction              Tloc           0%         N/A       100%        8


Dungeon Overview and Level Annotations

Branches:
Dungeon (4/15)
 Temple: D:4-7

Altars:

Shops:
D:3 *


Innate Abilities, Weirdness & Mutations

You cannot be hasted, slowed, berserked, paralysed or teleported.
You can dig through walls and to a lower floor.
You have a pair of large antennae on your head. (SInv)
Your four strong arms can wield two-handed weapons with a shield.


Message History

You kill the goblin!
You block the goblin's attack.
You hit the goblin.
The goblin is severely wounded.
The goblin hits you with a +0 club. x2
You hit the goblin.
You kill the goblin!
The goblin barely misses you.
A goblin comes into view. It is wielding a +0 club.
You closely miss the goblin. The goblin barely misses you. x2
The goblin hits you but does no damage. The goblin hits you with a +0 dagger.
You hit the goblin.
The goblin is moderately wounded.
The goblin hits you but does no damage. You block the goblin's attack.
You barely miss the goblin.
The goblin is moderately wounded.
The goblin hits you but does no damage. You block the goblin's attack.
You barely miss the goblin.
The goblin is moderately wounded.
The goblin barely misses you. The goblin hits you with a +0 club.
You slash the goblin!
You kill the goblin!
The goblin closely misses you.
You barely miss the ogre. The ogre barely misses you.
The goblin hits you with a +0 club.
You slash the ogre!
The ogre is moderately wounded.
The goblin hits you but does no damage. You block the ogre's attack.
The goblin hits you but does no damage.
You slash the ogre!
The ogre is severely wounded.
The ogre hits you with a +0 giant club!!
Ouch! That really hurt!
* * * LOW HITPOINT WARNING * * *
The goblin hits you but does no damage.
You hit the ogre.
The ogre is severely wounded.
You block the goblin's attack.
The ogre hits you with a +0 giant club!!
You die...

#...## #.#...###
#.#.....#
#.##....#
#......####
#.........##.###
#......†.......#
#.....#####..#..
###..@#{ ##
#..gOg..#
#...#...#
#.####### #. #.
#.


You could see an ogre and 2 goblins.

Vanquished Creatures
  Sigmund (D:2)
  Pargi (D:4)
  Natasha (thrice) (D:2)
  4 gnolls (D:3)
  2 adders
  An ufetubus (D:2)
  4 worms (D:2)
  2 dart slugs
  4 orcs (D:3)
  6 bats
  4 endoplasms
  2 giant cockroaches
  12 goblins
  5 hobgoblins
  2 jackals (D:4)
  2 quokkas
  6 ball pythons
  4 frilled lizards
  5 kobolds
  3 rats
73 creatures vanquished.

Notes
Turn   | Place    | Note
-------+----------+-------------------------------------------
     0 | D:1      | Ivernyr the Formicid Fighter began the quest for the Orb.
     0 | D:1      | Reached XP level 1. HP: 18/18 MP: 1/1
    99 | D:1      | Reached XP level 2. HP: 19/24 MP: 2/2
   543 | D:1      | Reached XP level 3. HP: 27/29 MP: 3/3
   881 | D:2      | Reached XP level 4. HP: 35/37 MP: 4/4
   904 | D:2      | Noticed Sigmund
   937 | D:2      | Killed Sigmund
   938 | D:2      | Reached skill level 5 in Shields
   938 | D:2      | Reached XP level 5. HP: 37/42 MP: 5/5
   938 | D:2      | Reached XP level 6. HP: 42/48 MP: 6/6
  1088 | D:2      | Noticed Natasha
  1104 | D:2      | Killed Natasha
  1320 | D:2      | Noticed Natasha
  1326 | D:2      | Killed Natasha
  1354 | D:2      | Noticed Natasha
  1362 | D:2      | Killed Natasha
  1424 | D:3      | Found Kiqiq's Assorted Antiques.
  2288 | D:4      | Noticed Pargi
  2295 | D:4      | Killed Pargi
  2296 | D:4      | Reached XP level 7. HP: 55/55 MP: 7/7
  2396 | D:4      | Mangled by an ogre

Illustrated notes

Levels and vault maps discovered:
D:1:      psy_arrival_whirlpool, layout_basic, glass_columns_b
D:2:      layout_basic, kennysheep_path_1, minmay_misc_feat_five, uniq_natasha,
          uniq_sigmund
D:3:      layout_loops_cross, serial_shops, nicolae_shop_pleasant_corner_grove,
          dreamdust_princess_bridge, minmay_misc_feat_alley,
          minmay_misc_feat_nine_boxes
D:4:      nicolae_cairo_tiling_large_dashed, layout_loops_ring,
          minmay_ogre_servants, uniq_pargi, uniq_robin

Skill      XL: |  1  2  3  4  5  6 |
---------------+-------------------+-----
Fighting       | 4 |  4.7
Long Blades    | 3 4 |  4.8
Armour         | 4 |  4.7
Shields        | 5 |  5.7

Action                     |  1- 3 |  4- 6 |  7- 9 || total
---------------------------+-------+-------+-------++-------
  Melee: Long sword        |    97 |   112 |    28 ||   237
    Use: Potion            |       |     1 |       ||     1
 Armour: Scale mail        |    50 |    54 |    12 ||   116
  Dodge: Dodged            |    46 |    60 |    13 ||   119
  Block: Buckler           |    29 |    33 |     9 ||    71
